 Dungeon Crawl Stone Soup version 0.21.1-1-g345015f (webtiles) character file.

3496 Mgcat the Martial Artist (level 10, -3/111 HPs)
             Began as a Gnoll Transmuter on Mar 27, 2018.
             Was an Elder of Okawaru.
             Slain by a hell hound (11 damage)
             ... on level 8 of the Dungeon on Mar 29, 2018.
             The game lasted 00:26:44 (5673 turns).

Mgcat the Martial Artist (Gnoll Transmuter)         Turns: 5673, Time: 00:26:45

Health: -3/111     AC:  5    Str: 18    XL:     10   Next: 7%
Magic:  20/20      EV: 17    Int: 18    God:    Okawaru [****..]
Gold:   291        SH:  5    Dex: 16    Spells: 8/23 levels left

rFire    + . .     SeeInvis .     - Unarmed
rCold    . . .     Gourm    .   s - +0 buckler
rNeg     . . .     Faith    .   b - +0 robe
rPois    .         Spirit   .   q - +0 helmet
rElec    .         Reflect  .   (no cloak)
rCorr    .         Harm     .   e - +1 pair of gloves
MR       .....                  (no boots)
Stlth    ..........             t - amulet of regeneration {+regen, !d}
HPRegen  0.68/turn              y - ring of protection from fire {rF+, !d}
MPRegen  0.17/turn              k - ring of flight {+Fly, !d}

@: berserking, very quick
A: distributed training, fangs 1, strong nose
a: Heroism, Renounce Religion, Evoke Flight


You were on level 8 of the Dungeon.
You worshipped Okawaru.
Okawaru was greatly pleased with you.
You were not hungry.

You visited 1 branch of the dungeon, and saw 8 of its levels.

You collected 331 gold pieces.
You spent 40 gold pieces at shops.

Inventory:

Missiles
 a - 72 arrows
Armour
 b - a +0 robe (worn)
 e - a +1 pair of gloves (worn)
   (You found it on level 4 of the Dungeon)
 q - a +0 helmet (worn)
   (You found it on level 5 of the Dungeon)
 s - a +0 buckler (worn)
   (You found it on level 1 of the Dungeon)
Jewellery
 k - a ring of flight (right hand) {+Fly, !d}
   (You found it on level 2 of the Dungeon)
 t - an amulet of regeneration (around neck) {+regen, !d}
   (You found it on level 4 of the Dungeon)
 y - a ring of protection from fire (left hand) {rF+, !d}
   (You found it on level 6 of the Dungeon)
Wands
 j - a wand of scattershot (5)
   (You found it on level 6 of the Dungeon)
 l - a wand of flame (21)
   (You took it off a hobgoblin on level 2 of the Dungeon)
 A - a wand of disintegration (8)
   (You took it off an orc on level 7 of the Dungeon)
Scrolls
 f - a scroll of magic mapping {!r}
 g - 2 scrolls of teleportation
 h - 8 scrolls of identify
 i - 2 scrolls of enchant weapon
 x - a scroll of remove curse
Potions
 m - a potion of berserk rage {!q}
 n - a potion of lignification {unknown}
 o - a potion of flight
 p - a potion of heal wounds {unknown}
 r - a potion of curing {unknown}
 u - 2 potions of invisibility {unknown}
 v - a potion of agility {unknown}
 w - a potion of brilliance {unknown}
 z - a potion of haste {unknown}
Books
 B - a book of Battle
   (You found it on level 7 of the Dungeon)
Comestibles
 d - 11 rations


   Skills:
 + Level 5.5 Fighting
 + Level 4.8 Short Blades
 + Level 4.8 Long Blades
 + Level 4.8 Axes
 + Level 4.8 Maces & Flails
 + Level 4.8 Polearms
 + Level 4.8 Staves
 + Level 4.8 Slings
 + Level 4.8 Bows
 + Level 4.8 Crossbows
 + Level 4.8 Throwing
 + Level 4.8 Armour
 + Level 6.7 Dodging
 + Level 4.8 Stealth
 + Level 4.8 Shields
 + Level 8.2 Unarmed Combat
 + Level 7.0 Spellcasting
 + Level 4.0 Conjurations
 + Level 4.0 Hexes
 + Level 4.0 Charms
 + Level 4.0 Summonings
 + Level 4.0 Necromancy
 + Level 4.0 Translocations
 + Level 5.5 Transmutations
 + Level 4.0 Fire Magic
 + Level 4.0 Ice Magic
 + Level 4.0 Air Magic
 + Level 4.0 Earth Magic
 + Level 4.0 Poison Magic
 + Level 5.3 Invocations
 + Level 4.8 Evocations


You had 8 spell levels left.
You knew the following spells:

 Your Spells              Type           Power        Failure   Level  Hunger
a - Beastly Appendage     Tmut           ####..       1%          1    None
b - Sticks to Snakes      Tmut           ####....     1%          2    None
c - Spider Form           Tmut/Pois      ###.......   4%          3    ##.....
d - Ice Form              Ice/Tmut       ###.....     14%         4    ####...
e - Blade Hands           Tmut           ####......   30%         5    #####..


Dungeon Overview and Level Annotations

Branches:
Dungeon (8/15)             Temple (0/1) D:6
   Lair: D:8-11

Altars:
Ashenzari
Cheibriados
Dithmenos
Elyvilon
Kikubaaqudgha
Makhleb
Nemelex Xobeh
Okawaru
Vehumet
Wu Jian
Yredelemnul

Shops:
D:4 ?

Annotations:
D:5 1 runed door
D:8 Gastronok


Innate Abilities, Weirdness & Mutations

Your experience applies equally to all skills.
You have very sharp teeth.
Your uncanny sense of smell can sniff out nearby items.


Message History

Press ? for a list of commands and other information.
You eat one of the 12 rations.
That ration really hit the spot!
Wear which item? (? for menu, Esc to quit)
You start putting on your armour.
You continue putting on your buckler. x4
You finish putting on your +0 buckler.
Cast which spell? (? or * to list)
You turn into a venomous arachnid creature.
Your +0 helmet melds into your body.
Your +1 pair of gloves melds into your body.
Your +0 buckler melds into your body.
Your +0 robe melds into your body.
Really crawl into a travel-excluded area?
An adder comes into view.
The adder hisses angrily.
Gastronok gurgles horribly!
You hear two shouts!
You hear a bark! x2
You hit Gastronok but do no damage.
Gastronok is poisoned.
Gastronok completely misses you.
You hit Gastronok.
Gastronok looks as sick as possible!
Gastronok is lightly wounded.
You bite the adder!
You kill the adder!
Okawaru accepts your kill.
You hit Gastronok but do no damage.
Gastronok looks as sick as possible!
Gastronok is lightly wounded.
The worker ant zombie completely misses you.
Gastronok bites you.
You hit the worker ant zombie.
The worker ant zombie is moderately damaged.
The worker ant zombie completely misses you.
You bite Gastronok!
Gastronok is lightly wounded.
The worker ant zombie completely misses you.
Gastronok bites you.
You hit the worker ant zombie.
The worker ant zombie is heavily damaged.
The worker ant zombie waves its antennae.
The worker ant zombie closely misses you.
A two-headed ogre comes into view.
It is wielding a giant club and a giant spiked club.
You bite Gastronok!
Gastronok looks as sick as possible!
Gastronok is moderately wounded.
Gastronok casts a spell.
Gastronok puts on a burst of speed!
The worker ant zombie completely misses you.
You bite Gastronok!
Gastronok looks as sick as possible!
Gastronok is moderately wounded.
The worker ant zombie completely misses you.
You bite Gastronok!
Gastronok looks as sick as possible!
Gastronok is moderately wounded.
Gastronok casts a spell.
The worker ant zombie misses you.
You bite Gastronok!
Gastronok looks as sick as possible!
Gastronok is heavily wounded.
A hell hound comes into view.
You completely miss Gastronok.
Gastronok is heavily wounded.
The bat misses you. The bat completely misses you.
The worker ant zombie misses you.
Gastronok waves his eye-stalks in wide circles.
The air twists around and strikes you!
Ouch! That really hurt!
Okay, then.
Unknown command.
Unknown command.
Unknown command.
You bite Gastronok!
Gastronok is heavily wounded.
The bat misses you. x3; The worker ant zombie misses you.
The worker ant zombie misses you. The bat hits you but does no damage.
The bat completely misses you. x2; The bat misses you.
The bat closely misses you. The bat completely misses you.
The bat closely misses you. The bat completely misses you. x3
The bat misses you. x2; The bat completely misses you.
The bat closely misses you. The bat hits you but does no damage.
The bat closely misses you. The bat barely misses you.
Your transformation is almost over.
The bat completely misses you. The bat hits you. The bat completely misses you.
The bat closely misses you. The bat closely misses you.
The bat barely misses you.
Gastronok waves his eye-stalks in wide circles.
The air twists around and strikes you!
* * * LOW HITPOINT WARNING * * *
The bat completely misses you.
There is an open door here.
The bat completely misses you. The hell hound breathes flames at you.
The blast of flame hits you! You resist.
* * * LOW HITPOINT WARNING * * *
The hell hound barely misses you.
You see here a killer bee corpse.
Items here: ) †††† a club; a killer bee corpse x4
It was a potion of berserk rage.
A red film seems to cover your vision as you go berserk!
You feel yourself moving faster!
You feel mighty!
Your transformation has ended.
Your +0 helmet unmelds from your body.
Your +1 pair of gloves unmelds from your body.
Your +0 buckler unmelds from your body.
Your +0 robe unmelds from your body.
The hell hound bites you!
You die...

.......##w.....#
≈...... #......#
≈...... #......#
≈...... #......#
....... #......#
....... #.Z....#
...##.# #......# #
##Z############.##
#..bbh@..........
#...O###....##.#
#....#..........
#....#.#....##.#.
#.#.##.#.........
#.#.##.#.#####...
#.#.##.#.#...# .
#.#.##.#.#.#.#
#.#.##.#.#>#.#


You could see a two-headed ogre, a hell hound, a worker ant zombie and 2 bats.

Vanquished Creatures
  Pikel (D:6)
  The ghost of
  1994 the Ruffian, a novice DrTm (D:6)
  An ice beast (D:6)
  A black bear (D:6)
  2 orc warriors
  2 phantoms
  A slave (D:6)
  A centaur (D:7)
  An ogre (D:5)
  3 bullfrogs
  The ghost of Tramtrist the Sneak, an amateur FeAE (D:3)
  3 scorpions
  6 killer bees (D:8)
  A bullfrog zombie (D:5)
  3 howler monkeys
  3 crimson imps
  A gnoll shaman (D:5)
  A jelly (D:7)
  A bullfrog skeleton (D:4)
  9 orc priests
  2 iguanas
  9 orc wizards
  Terence (D:2)
  7 worker ants
  A hound skeleton (D:6)
  12 adders
  4 gnolls (D:5)
  A howler monkey skeleton (D:5)
  A shadow imp (D:5)
  6 worms
  2 dart slugs
  7 leopard geckos
  30 orcs
  4 ball pythons
  8 giant cockroaches
  9 goblins
  6 hobgoblins
  7 jackals
  3 quokkas
  5 bats
  6 frilled lizards
  A jackal skeleton (D:4)
  10 kobolds
  A quokka skeleton (D:4)
  10 rats
196 creatures vanquished.

Vanquished Creatures (collateral kills)
  A frilled lizard (D:3)
  A kobold (D:3)
2 creatures vanquished.

Vanquished Creatures (others)
  2 slaves (D:6)
  A crimson imp (D:6)
  An adder (D:6)
  A leopard gecko (D:6)
  An orc (D:6)
  A jackal zombie (D:6)
  A plant (D:1)
8 creatures vanquished.

Grand Total: 206 creatures vanquished

Notes
Turn   | Place    | Note
-------+----------+-------------------------------------------
     0 | D:1      | Mgcat the Gnoll Transmuter began the quest for the Orb.
     0 | D:1      | Reached XP level 1. HP: 17/17 MP: 6/6
   275 | D:1      | Reached XP level 2. HP: 18/23 MP: 5/7
   644 | D:1      | Reached XP level 3. HP: 28/28 MP: 7/9
   704 | D:1      | Reached skill level 5 in Spellcasting
   976 | D:2      | Reached skill level 1 in Invocations
  1033 | D:2      | Found a white marble altar of Elyvilon.
  1102 | D:2      | Reached skill level 1 in Short Blades
  1102 | D:2      | Reached skill level 1 in Long Blades
  1102 | D:2      | Reached skill level 1 in Axes
  1102 | D:2      | Reached skill level 1 in Maces & Flails
  1102 | D:2      | Reached skill level 1 in Polearms
  1102 | D:2      | Reached skill level 1 in Staves
  1102 | D:2      | Reached skill level 1 in Slings
  1102 | D:2      | Reached skill level 1 in Bows
  1102 | D:2      | Reached skill level 1 in Crossbows
  1102 | D:2      | Reached skill level 1 in Throwing
  1102 | D:2      | Reached skill level 1 in Armour
  1102 | D:2      | Reached skill level 1 in Stealth
  1102 | D:2      | Reached skill level 1 in Shields
  1102 | D:2      | Reached skill level 1 in Evocations
  1147 | D:2      | Found a burning altar of Makhleb.
  1153 | D:2      | Learned a level 2 spell: Sticks to Snakes
  1157 | D:2      | Learned a level 3 spell: Spider Form
  1164 | D:2      | Found a sparkling altar of Nemelex Xobeh.
  1164 | D:2      | Found an iron altar of Okawaru.
  1165 | D:2      | Found a shadowy altar of Dithmenos.
  1182 | D:2      | Reached XP level 4. HP: 20/34 MP: 9/11
  1230 | D:2      | Became a worshipper of Warmaster Okawaru
  1594 | D:2      | Noticed Terence
  1602 | D:2      | Killed Terence
  1602 | D:2      | Reached skill level 1 in Conjurations
  1602 | D:2      | Reached skill level 1 in Hexes
  1602 | D:2      | Reached skill level 1 in Charms
  1602 | D:2      | Reached skill level 1 in Summonings
  1602 | D:2      | Reached skill level 1 in Necromancy
  1602 | D:2      | Reached skill level 1 in Translocations
  1602 | D:2      | Reached skill level 1 in Fire Magic
  1602 | D:2      | Reached skill level 1 in Ice Magic
  1602 | D:2      | Reached skill level 1 in Air Magic
  1602 | D:2      | Reached skill level 1 in Earth Magic
  1602 | D:2      | Reached skill level 1 in Poison Magic
  1726 | D:3      | Reached XP level 5. HP: 37/40 MP: 9/12
  1787 | D:3      | Noticed Tramtrist's ghost (amateur FeAE)
  1801 | D:3      | Killed Tramtrist's ghost
  1801 | D:3      | Reached skill level 3 in Fighting
  1801 | D:3      | Reached skill level 4 in Transmutations
  1977 | D:3      | Found a faded altar of an unknown god.
  1991 | D:3      | Reached * piety under Okawaru
  1991 | D:3      | Reached XP level 6. HP: 46/47 MP: 8/13
  1999 | D:3      | Reached skill level 2 in Invocations
  2116 | D:3      | Reached skill level 5 in Dodging
  2442 | D:4      | Reached skill level 2 in Short Blades
  2442 | D:4      | Reached skill level 2 in Long Blades
  2442 | D:4      | Reached skill level 2 in Axes
  2442 | D:4      | Reached skill level 2 in Maces & Flails
  2442 | D:4      | Reached skill level 2 in Polearms
  2442 | D:4      | Reached skill level 2 in Staves
  2442 | D:4      | Reached skill level 2 in Slings
  2442 | D:4      | Reached skill level 2 in Bows
  2442 | D:4      | Reached skill level 2 in Crossbows
  2442 | D:4      | Reached skill level 2 in Throwing
  2442 | D:4      | Reached skill level 2 in Armour
  2442 | D:4      | Reached skill level 2 in Stealth
  2442 | D:4      | Reached skill level 2 in Shields
  2442 | D:4      | Reached skill level 2 in Evocations
  2459 | D:4      | Learned a level 4 spell: Ice Form
  2465 | D:4      | Learned a level 5 spell: Blade Hands
  2733 | D:4      | Reached XP level 7. HP: 25/52 MP: 12/15
  3007 | D:4      | Found Nebiunax's Magic Scroll Shoppe.
  3020 | D:4      | Bought a scroll of random uselessness for 10 gold pieces
  3020 | D:4      | Bought a scroll of teleportation for 30 gold pieces
  3385 | D:5      | Entered Level 5 of the Dungeon
  3402 | D:5      | Reached skill level 7 in Unarmed Combat
  3518 | D:5      | Reached skill level 2 in Conjurations
  3518 | D:5      | Reached skill level 2 in Hexes
  3518 | D:5      | Reached skill level 2 in Charms
  3518 | D:5      | Reached skill level 2 in Summonings
  3518 | D:5      | Reached skill level 2 in Necromancy
  3518 | D:5      | Reached skill level 2 in Translocations
  3518 | D:5      | Reached skill level 2 in Fire Magic
  3518 | D:5      | Reached skill level 2 in Ice Magic
  3518 | D:5      | Reached skill level 2 in Air Magic
  3518 | D:5      | Reached skill level 2 in Earth Magic
  3518 | D:5      | Reached skill level 2 in Poison Magic
  3589 | D:5      | Reached ** piety under Okawaru
  3598 | D:5      | Reached skill level 3 in Invocations
  3638 | D:5      | Reached XP level 8. HP: 60/60 MP: 14/16
  3693 | D:5      | Reached skill level 4 in Fighting
  3693 | D:5      | Reached skill level 3 in Short Blades
  3693 | D:5      | Reached skill level 3 in Long Blades
  3693 | D:5      | Reached skill level 3 in Axes
  3693 | D:5      | Reached skill level 3 in Maces & Flails
  3693 | D:5      | Reached skill level 3 in Polearms
  3693 | D:5      | Reached skill level 3 in Staves
  3693 | D:5      | Reached skill level 3 in Slings
  3693 | D:5      | Reached skill level 3 in Bows
  3693 | D:5      | Reached skill level 3 in Crossbows
  3693 | D:5      | Reached skill level 3 in Throwing
  3693 | D:5      | Reached skill level 3 in Armour
  3693 | D:5      | Reached skill level 3 in Stealth
  3693 | D:5      | Reached skill level 3 in Shields
  3693 | D:5      | Reached skill level 3 in Evocations
  3858 | D:5      | Reached skill level 6 in Spellcasting
  3908 | D:5      | Found a runed door.
  4277 | D:6      | Noticed Pikel
  4294 | D:6      | Killed Pikel
  4294 | D:6      | Reached *** piety under Okawaru
  4294 | D:6      | Reached skill level 6 in Dodging
  4294 | D:6      | Reached skill level 3 in Conjurations
  4294 | D:6      | Reached skill level 3 in Hexes
  4294 | D:6      | Reached skill level 3 in Charms
  4294 | D:6      | Reached skill level 3 in Summonings
  4294 | D:6      | Reached skill level 3 in Necromancy
  4294 | D:6      | Reached skill level 3 in Translocations
  4294 | D:6      | Reached skill level 5 in Transmutations
  4294 | D:6      | Reached skill level 3 in Fire Magic
  4294 | D:6      | Reached skill level 3 in Ice Magic
  4294 | D:6      | Reached skill level 3 in Air Magic
  4294 | D:6      | Reached skill level 3 in Earth Magic
  4294 | D:6      | Reached skill level 3 in Poison Magic
  4294 | D:6      | Reached skill level 4 in Invocations
  4294 | D:6      | Reached XP level 9. HP: 27/66 MP: 12/18
  4581 | D:6      | Reached skill level 4 in Short Blades
  4581 | D:6      | Reached skill level 4 in Long Blades
  4581 | D:6      | Reached skill level 4 in Axes
  4581 | D:6      | Reached skill level 4 in Maces & Flails
  4581 | D:6      | Reached skill level 4 in Polearms
  4581 | D:6      | Reached skill level 4 in Staves
  4581 | D:6      | Reached skill level 4 in Slings
  4581 | D:6      | Reached skill level 4 in Bows
  4581 | D:6      | Reached skill level 4 in Crossbows
  4581 | D:6      | Reached skill level 4 in Throwing
  4581 | D:6      | Reached skill level 4 in Armour
  4581 | D:6      | Reached skill level 4 in Stealth
  4581 | D:6      | Reached skill level 4 in Shields
  4581 | D:6      | Reached skill level 4 in Evocations
  4600 | D:6      | Found a staircase to the Ecumenical Temple.
  4696 | D:6      | Noticed 1994's ghost (novice DrTm)
  4721 | D:6      | Killed 1994's ghost
  4721 | D:6      | Reached skill level 5 in Fighting
  5100 | D:7      | Reached skill level 8 in Unarmed Combat
  5206 | D:7      | Reached **** piety under Okawaru
  5206 | D:7      | Reached skill level 5 in Invocations
  5345 | D:7      | Found an ornate altar of the Wu Jian Council.
  5347 | D:7      | Found a radiant altar of Vehumet.
  5350 | D:7      | Found an ancient bone altar of Kikubaaqudgha.
  5355 | D:7      | Found a snail-covered altar of Cheibriados.
  5422 | D:7      | Found a shattered altar of Ashenzari.
  5589 | D:8      | Reached XP level 10. HP: 74/74 MP: 15/20
  5594 | D:8      | Reached skill level 7 in Spellcasting
  5627 | D:8      | Reached skill level 4 in Conjurations
  5627 | D:8      | Reached skill level 4 in Hexes
  5627 | D:8      | Reached skill level 4 in Charms
  5627 | D:8      | Reached skill level 4 in Summonings
  5627 | D:8      | Reached skill level 4 in Necromancy
  5627 | D:8      | Reached skill level 4 in Translocations
  5627 | D:8      | Reached skill level 4 in Fire Magic
  5627 | D:8      | Reached skill level 4 in Ice Magic
  5627 | D:8      | Reached skill level 4 in Air Magic
  5627 | D:8      | Reached skill level 4 in Earth Magic
  5627 | D:8      | Reached skill level 4 in Poison Magic
  5631 | D:8      | Found a basalt altar of Yredelemnul.
  5633 | D:8      | Noticed Gastronok
  5653 | D:8      | Noticed a two-headed ogre
  5667 | D:8      | HP: 9/74 [Gastronok/the air (24)]
  5669 | D:8      | HP: 3/74 [hell hound/blast of flame (7)]
  5673 | D:8      | Slain by a hell hound

Skill      XL: |  1  2  3  4  5  6  7  8  9 10 |
---------------+-------------------------------+-----
Spellcasting   | 5 6 7 |  7.0
Invocations    | 1 2 3 4 5 |  5.3
Short Blades   | 1 2 3 4 |  4.8
Long Blades    | 1 2 3 4 |  4.8
Axes           | 1 2 3 4 |  4.8
Maces & Flails | 1 2 3 4 |  4.8
Polearms       | 1 2 3 4 |  4.8
Staves         | 1 2 3 4 |  4.8
Slings         | 1 2 3 4 |  4.8
Bows           | 1 2 3 4 |  4.8
Crossbows      | 1 2 3 4 |  4.8
Throwing       | 1 2 3 4 |  4.8
Armour         | 1 2 3 4 |  4.8
Stealth        | 1 2 3 4 |  4.8
Shields        | 1 2 3 4 |  4.8
Evocations     | 1 2 3 4 |  4.8
Conjurations   | 1 2 3 4 |  4.0
Hexes          | 1 2 3 4 |  4.0
Charms         | 1 2 3 4 |  4.0
Summonings     | 1 2 3 4 |  4.0
Necromancy     | 1 2 3 4 |  4.0
Translocations | 1 2 3 4 |  4.0
Fire Magic     | 1 2 3 4 |  4.0
Ice Magic      | 1 2 3 4 |  4.0
Air Magic      | 1 2 3 4 |  4.0
Earth Magic    | 1 2 3 4 |  4.0
Poison Magic   | 1 2 3 4 |  4.0
Fighting       | 3 4 5 |  5.5
Transmutations | 4 5 |  5.5
Dodging        | 5 6 |  6.7
Unarmed Combat | 7 8 |  8.2

Action                   |  1- 3 |  4- 6 |  7- 9 | 10-12 || total
-------------------------+-------+-------+-------+-------++-------
Melee: Unarmed           |   111 |   140 |   289 |    33 ||   573
       Headbutt          |     6 |     2 |       |       ||     8
       Bite              |     8 |     3 |     1 |       ||    12
       Punch             |     6 |     2 |     2 |       ||    10
       Kick              |    14 |     1 |       |       ||    15
 Cast: Beastly Appendage |    20 |     7 |       |       ||    27
       Spider Form       |       |    20 |    36 |     1 ||    57
       Sticks to Snakes  |       |     5 |       |       ||     5
Invok: Heroism           |       |       |     7 |       ||     7
  Use: Scroll            |       |       |     8 |       ||     8
       Potion            |       |       |       |     1 ||     1
 Stab: Sleeping          |     1 |       |     4 |       ||     5
       Distracted        |       |       |     1 |       ||     1
  Eat: Chunk             |     1 |     6 |    11 |       ||    18
       Ration            |       |       |       |     1 ||     1
Armor: Robe              |     8 |     5 |     2 |       ||    15
       Skin              |       |     4 |     5 |     3 ||    12
Dodge: Dodged            |    51 |   133 |   208 |    57 ||   449

Vault maps used:
D:1:      co_arrival_random_square_maze, lexackson_kobold_supper
D:2:      chequers_temple_overflow_statue_of_worship, lemuel_doored_altar,
          st_stairs_7, uniq_terence
D:3:      serial_bayou, serial_bayou_shore_b, serial_bayou_lagoon_a,
          serial_bayou_shore_a, serial_bayou_pond_d, serial_bayou_pond_b,
          chequers_ecumenical_altar_simple, first_ration, minmay_checkerbox
D:4:      lemuel_upstairs_altar, serial_shops, shop_scrolls
D:5:      uniq_crazy_yiuf_cottage
D:6:      minmay_temple_entry_hall, uniq_pikel
D:7:      kennysheep_mini_moat, minitemple
D:8:      yredelemnul_altar_generic, minmay_lair_entry_lava, serial_shops, shop,
          nicolae_shop_window_shopping, uniq_gastronok

Table legend:
 A = Turns spent in this place as a percentage of turns spent in the entire game.
 B = Non-inter-level travel turns spent in this place as a percentage of non-inter-level travel turns spent in the entire game.
 C = Inter-level travel turns spent in this place as a percentage of turns spent in this place.
 D = Turns resting spent in this place as a percentage of non-inter-level travel turns spent in this place.
 E = Turns spent auto-exploring this place as a percentage of non-inter-level travel turns spent in this place.
 F = Non-inter-level travel turns spent in this place divided by the number of levels of this place that you've seen.
                   A       B       C       D       E      F
               +-------+-------+-------+-------+-------+----------------------
         Total | 100.0 | 100.0 |   5.7 |   0.0 |  71.2 | 669.0
       Dungeon | 100.0 | 100.0 |   5.7 |   0.0 |  71.2 | 669.0
               +-------+-------+-------+-------+-------+----------------------

Table legend:
 A = Kills in this place as a percentage of kills in entire the game.
 B = Kills by you in this place as a percentage of kills by you in the entire game.
 C = Kills by friends in this place as a percentage of kills by friends in the entire game.
 D = Other kills in this place as a percentage of other kills in the entire game.
 E = Experience gained in this place as a percentage of experience gained in the entire game.
 F = Experience gained in this place divided by the number of levels of this place that you have seen.
                   A       B       C       D       E      F
               +-------+-------+-------+-------+-------+----------------------
         Total | 100.0 | 100.0 | 100.0 |   N/A | 100.0 | 624.4
       Dungeon | 100.0 | 100.0 | 100.0 |   N/A | 100.0 | 624.4
               +-------+-------+-------+-------+-------+----------------------
